 Dungeon Crawl Stone Soup version 0.19.1-1-g22dce08 (webtiles) character file.

308 theAP the Cudgeler (level 6, -11/40 HPs)
             Began as a Gargoyle Fighter on Jan 3, 2017.
             Mangled by Menkaure (16 damage)
             ... on level 4 of the Dungeon.
             The game lasted 00:06:52 (2247 turns).

theAP the Cudgeler (Gargoyle Fighter)               Turns: 2247, Time: 00:06:52

Health: -11/40     AC: 13    Str: 22    XL:     6   Next: 40%
Magic:  6/6        EV: 12    Int:  8    God:
Gold:   119        SH: 10    Dex:  9    Spells: 0 memorised, 5 levels left

rFire  . . .     SeeInvis .     t - +0 mace (drain)
rCold  + . .     Gourm    .     b - +0 scale mail
rNeg   + . .     Faith    .     c - +1 shield
rPois  ∞         Spirit   .     (no helmet)
rElec  +         Reflect  .     (no cloak)
rCorr  .         Harm     .     o - +0 pair of gloves
MR     .....                    i - +0 pair of boots
Stlth  ..........               (no amulet)
                                m - ring of protection from cold
                                v - +5 ring of evasion

@: no status effects
A: negative energy resistance 1, electricity resistance, unbreathing,
petrification resistance, rot immunity, AC +4
a: no special abilities


You were on level 4 of the Dungeon.
You were not hungry.

You visited 1 branch of the dungeon, and saw 4 of its levels.

You collected 119 gold pieces.

Inventory:

Hand Weapons
 a - a +0 flail
 t - a +0 mace of draining (weapon)
Armour
 b - a +0 scale mail (worn)
 c - a +1 shield (worn)
 i - a +0 pair of boots (worn)
 o - a +0 pair of gloves (worn)
Jewellery
 j - an uncursed ring of flight
 m - a ring of protection from cold (right hand)
 v - a +5 ring of evasion (left hand)
Wands
 h - a wand of acid (3/15)
Scrolls
 e - 2 scrolls of fog
 p - 3 scrolls of remove curse
 u - a scroll of identify
Potions
 d - a potion of might
 n - a potion of brilliance
 q - 3 potions of curing {unknown}
 r - a potion of haste {unknown}
Comestibles
 f - 4 bread rations
 g - a meat ration
 k - a chunk of flesh
 l - 2 fruits
 s - a slice of pizza


   Skills:
 + Level 5.0 Fighting
 * Level 5.2 Maces & Flails
 - Level 3.5 Armour
 - Level 3.5 Shields


You had 5 spell levels left.
You didn't know any spells.

Dungeon Overview and Level Annotations

Branches:
Dungeon (4/15)
 Temple: D:4-7

Altars:
Dithmenos
Nemelex Xobeh
Vehumet
The Shining One

Annotations:
D:4 Menkaure


Innate Abilities, Weirdness & Mutations

You are resistant to torment.
Your stone body is resilient. (AC +4)
You are immune to poison.
You resist negative energy. (rN+)
You are resistant to electric shocks. (rElec)
You can survive without breathing.
You are immune to petrification.
You are immune to rotting.


Message History

You hit Menkaure.
Menkaure is heavily damaged.
You block Menkaure's attack.
Menkaure gestures at you while chanting.
Pain shoots through your body!
You hit Menkaure.
Menkaure is severely damaged.
You block Menkaure's attack.
You barely miss Menkaure.
Menkaure is severely damaged.
Menkaure closely misses you.
You closely miss Menkaure.
Menkaure is severely damaged.
Menkaure closely misses you. Menkaure hits you.
Your shield prevents you from hitting Menkaure.
Menkaure is heavily damaged.
Menkaure hits you!
* * * LOW HITPOINT WARNING * * *
Menkaure hits you!
You die...

### #.# #.. #.# ####.#
#.# #..... ### #.#
#.##.# #... #.# #.##.#
#.... #.# #.)..#
#.....########.#########
....[.M@......†.........
#.....########.#####.##.
#.... #.##....... #...
#.##....... #..
#.##....... #.
#.......... #
####....... .....#'###
...####.#


You could see Menkaure.

Vanquished Creatures
  Sigmund (D:4)
  A worker ant (D:4)
  5 adders
  3 oozes (D:1)
  A worm (D:2)
  4 dart slugs
  A leopard gecko (D:3)
  An orc (D:4)
  5 giant cockroaches
  4 goblins
  6 hobgoblins
  4 jackals (D:2)
  5 kobolds
  3 ball pythons (D:1)
  6 bats
  3 frilled lizards
  7 rats
60 creatures vanquished.

Notes
Turn   | Place    | Note
-------+----------+-------------------------------------------
     0 | D:1      | theAP the Gargoyle Fighter began the quest for the Orb.
     0 | D:1      | Reached XP level 1. HP: 14/14 MP: 1/1
    20 | D:1      | Reached XP level 2. HP: 18/19 MP: 2/2
   228 | D:1      | Reached XP level 3. HP: 13/24 MP: 3/3
   644 | D:2      | Found a shadowy altar of Dithmenos.
   840 | D:2      | Reached XP level 4. HP: 29/29 MP: 4/4
   889 | D:2      | Found a sparkling altar of Nemelex Xobeh.
  1281 | D:3      | Found a radiant altar of Vehumet.
  1930 | D:3      | Reached XP level 5. HP: 34/34 MP: 5/5
  2085 | D:4      | Noticed Sigmund
  2100 | D:4      | Killed Sigmund
  2100 | D:4      | Reached skill level 5 in Fighting
  2100 | D:4      | Reached skill level 5 in Maces & Flails
  2100 | D:4      | Reached XP level 6. HP: 35/40 MP: 6/6
  2110 | D:4      | Found a glowing golden altar of the Shining One.
  2226 | D:4      | Noticed Menkaure
  2247 | D:4      | Mangled by Menkaure

Skill      XL: |  1  2  3  4  5 |
---------------+----------------+-----
Maces & Flails | 3 5 |  5.2
Fighting       | 4 5 |  5.0
Armour         | |  3.5
Shields        | |  3.5

Action                   |  1- 3 |  4- 6 || total
-------------------------+-------+-------++-------
Melee: Flail             |   131 |    61 ||   192
       Mace              |       |    86 ||    86
  Use: Scroll            |       |     8 ||     8
  Eat: Chunk             |       |     5 ||     5
Armor: Scale mail        |   108 |    67 ||   175
Dodge: Dodged            |    52 |    68 ||   120
Block: Shield            |    83 |    93 ||   176
